Map: Snowbound Colony

Players

Omikkron

  • Race: Protoss Protoss
  • League: Silver
  • Spawn Location: 12:00

shagpub

  • Race: Terran Terran
  • League: Gold
  • Spawn Location: 1:00

StrongBad

  • Race: Terran Terran
  • Spawn Location: 1:00

Throwfordays - Winner!

  • Race: Protoss Protoss
  • League: Silver
  • Spawn Location: 7:00

Faust - Winner!

  • Race: Zerg Zerg
  • League: Diamond
  • Spawn Location: 7:00

Cthulhu - Winner!

  • Race: Terran Terran
  • Spawn Location: 6:00

VOD

Have the link to the VOD?

Description

Time

  • Played on: March 26, 2019, 9:58 p.m.
  • Length: 18:32
Show
View Real Time Build Order
Export as new Build Order

Omikkron Protoss 

Build Orders: Nexus First, Chargelot Immortal 

Get SALT Encoding   

  12  0:01  Probe  
  13  0:41  Nexus  
  13  0:45  Probe  
  14  0:54  Pylon  
  14  0:58  Probe  
  15  1:12  Probe  
  15  1:16  Gateway  
  16  1:20  Assimilator  
  16  1:24  Probe  
  17  1:36  Probe  
  17  1:39  Assimilator  
  18  1:53  Probe x2  
  20  2:03  Cybernetics Core  
  20  2:05  Probe x2  
  22  2:14  Warp Gate  
  22  2:18  Probe x2  
  24  2:25  Gateway  
  24  2:31  Gateway  
  24  2:39  Probe x2  
  26  2:51  Probe x2  
  28  3:03  Stalker  
  30  3:10  Pylon  
  30  3:14  Zealot  
  30  3:18  Zealot  
  34  3:24  Gateway  
  34  3:26  Gateway  
  34  3:55  Pylon  
  34  4:06  Stalker x2  
  38  4:20  Forge  
  38  4:22  Probe  
  38  4:23  Probe  
  40  4:27  Protoss Ground Weapons Level 1  
  40  4:35  Probe x2  
  42  4:39  Zealot x2  
  46  4:46  Pylon  
  46  4:53  Photon Cannon  
  46  4:54  Photon Cannon  
  46  4:58  Assimilator  
  46  5:02  Assimilator  
  46  5:06  Probe x2  
  48  5:09  Nexus  
  48  5:15  Sentry x3  
  54  5:22  Pylon  
  54  5:36  Pylon  
  54  5:37  Pylon  
  54  5:40  Probe x2  
  54  5:41  Pylon  
  54  5:42  Twilight Council  
  56  5:43  Pylon  
  56  5:54  Zealot x4  
  64  5:57  Charge  
  64  5:58  Zealot  
  66  6:23  Zealot x5  
  76  6:26  Protoss Ground Weapons Level 2  
  76  6:33  Robotics Facility  
  76  6:44  Photon Cannon  
  76  6:48  Photon Cannon  
  76  7:09  Probe  
  76  7:10  Probe x2  
  79  7:20  Observer  
  79  7:22  Probe x3  
  83  7:23  Zealot  
  83  7:24  Zealot x4  
  93  7:41  Pylon, Immortal  
  93  7:51  Sentry x3  
  99  7:52  Sentry  
  99  7:55  Blink  
  105  8:16  Immortal  
  105  8:23  Protoss Ground Weapons Level 3  
  68  8:53  Stalker x3  
  68  8:54  Stalker x2  
  78  8:58  Immortal  
  82  9:13  Nexus  
  82  9:14  Pylon  
  82  9:16  Zealot x2  
  86  9:17  Zealot x3  
  92  9:37  Immortal  
  96  9:38  Stalker  
  96  9:39  Stalker x3  
  96  9:40  Stalker  
  106  10:06  Immortal  
  106  10:09  Stalker x2  
  106  10:10  Stalker x3  
  120  10:33  Zealot  
  120  10:34  Zealot x4  
  130  10:46  Immortal  
  134  11:00  Robotics Bay  
  134  11:10  Assimilator  
  134  11:12  Probe  
  134  11:14  Probe  
  134  11:15  Assimilator  
  136  11:20  Probe  
  136  11:23  Probe  
  137  11:30  Probe  
  137  11:32  Probe  
  140  11:44  Probe x2  
  132  11:56  Probe x2  
  94  12:12  Protoss Ground Armor Level 1  
  74  12:19  Stalker x5  
  66  12:30  Gateway  
  66  12:34  Gateway  
  66  12:35  Gateway  
  66  12:37  Gateway  
  66  12:39  Gateway  
  66  12:41  Pylon x2  
  66  12:46  Stalker  
  66  12:47  Stalker x4  
  76  13:13  Stalker x5  
  86  13:29  Stalker  
  86  13:30  Stalker x3  
  86  13:34  Stalker  
  96  13:40  Stalker  
  96  13:41  Stalker x4  
  106  13:53  Stalker x2  
  106  13:54  Stalker x2  
  94  14:08  Stalker, Zealot x3  
  94  14:09  Zealot x2  
  76  14:17  Zealot x4  
  76  14:32  Zealot x6  
  74  15:04  Zealot x6  
  74  15:05  Zealot x4  
  72  15:15  Templar Archives  
  72  15:25  Protoss Ground Armor Level 2  
  72  15:26  Stalker  
  72  15:27  Stalker x7  
  72  15:28  Stalker x2  
  92  15:50  Psionic Storm  
  92  15:52  High Templar x3  
  92  15:53  High Templar x7  
  112  16:25  Stalker x6  
  120  16:26  Stalker x2  
  120  16:27  Stalker  
  120  16:30  Stalker  
  72  17:09  Stalker x3  
  72  17:10  Stalker x5  
  72  17:11  Stalker x2  
  84  17:35  Stalker x5  
  84  17:36  Stalker x5  
Show
View Real Time Build Order
Export as new Build Order

shagpub Terran 

Build Orders:  

Get SALT Encoding   

  12  0:01  SCV  
  13  0:14  SCV  
  14  0:23  Supply Depot  
  14  0:26  SCV  
  15  0:31  Refinery  
  15  0:44  SCV  
  15  0:47  Barracks  
  16  0:56  SCV  
  17  1:07  Refinery  
  17  1:09  SCV  
  18  1:21  SCV  
  18  1:24  Barracks  
  19  1:33  SCV  
  19  1:36  Barracks Reactor  
  20  1:45  SCV, Supply Depot  
  21  1:57  SCV  
  22  2:09  SCV  
  22  2:13  Barracks Tech Lab, Factory  
  23  2:17  Reaper  
  23  2:21  SCV  
  25  2:28  Reaper  
  26  2:33  Marine  
  27  2:42  Orbital Command  
  27  2:55  Stimpack  
  27  2:56  Factory Tech Lab  
  27  2:58  Starport  
  27  3:07  Marine x2  
  29  3:20  Supply Depot  
  29  3:42  Siege Tank  
  29  3:44  Command Center  
  32  3:52  Engineering Bay  
  32  4:02  Liberator  
  35  4:04  SCV  
  35  4:09  Supply Depot  
  36  4:16  SCV  
  37  4:19  Missile Turret  
  29  4:36  Siege Tank  
  32  4:40  Terran Infantry Weapons Level 1  
  32  4:41  Marine x3  
  32  4:44  SCV  
  36  4:56  SCV  
  36  4:57  Starport Reactor  
  36  4:59  Missile Turret  
  37  5:00  SCV  
  38  5:08  SCV  
  38  5:13  SCV  
  40  5:16  Marine x2  
  40  5:17  Marine, Combat Shield  
  43  5:25  SCV  
  43  5:26  Siege Tank  
  45  5:34  Marine x3  
  45  5:45  SCV, Medivac  
  48  5:52  Marine x2, SCV  
  48  5:56  Missile Turret  
  47  6:04  Marine, SCV  
  47  6:06  Widow Mine  
  47  6:10  Marine x2  
  53  6:16  SCV  
  54  6:22  Marine  
  54  6:23  Missile Turret  
  55  6:27  Medivac x2  
  55  6:28  Marine x2, SCV  
  62  6:35  Supply Depot  
  62  6:36  SCV  
  62  6:37  Supply Depot  
  62  6:50  Missile Turret  
  62  6:54  Refinery  
  62  6:55  Refinery  
  62  6:56  SCV x2  
  64  7:03  Liberator  
  64  7:04  Marine x2  
  64  7:05  Marine  
  68  7:08  SCV  
  68  7:11  Supply Depot  
  69  7:21  SCV, Missile Turret  
  69  7:22  Marine x2  
  72  7:23  Marine  
  72  7:26  SCV  
  74  7:33  SCV  
  74  7:35  Medivac  
  77  7:39  SCV  
  77  7:40  Marine x2  
  77  7:41  Marine  
  79  7:45  SCV  
  80  8:02  Orbital Command  
  61  9:36  SCV  
  61  9:37  Marine x3  
  54  9:39  Siege Tank  
  54  9:40  Liberator x2  
  54  9:41  SCV  
  64  9:48  SCV  
  64  9:50  Supply Depot  
  65  9:53  Command Center  
  65  9:54  Terran Infantry Armor Level 1  
  65  9:55  Marine x3  
  65  9:59  Factory  
  68  10:04  SCV, Factory  
  69  10:11  Siege Tank  
  69  10:12  Marine x2  
  69  10:13  Marine  
  75  10:16  SCV  
  76  10:30  Marine x3, Medivac  
  76  10:31  Medivac  
  83  10:42  Supply Depot  
  83  10:48  Marine x3  
  86  10:54  Sensor Tower  
  86  11:00  SCV, Medivac  
  86  11:01  Medivac  
  91  11:05  Siege Tank  
  91  11:06  Marine x3, Factory Tech Lab  
  91  11:08  Factory Tech Lab  
  91  11:09  Refinery  
  97  11:11  Factory  
  97  11:19  Orbital Command  
  97  11:20  Refinery  
  97  11:24  Marine x3  
  100  11:29  Siege Tank x2  
  106  11:36  Supply Depot  
  106  11:41  Marine  
  106  11:42  Marine x2  
  109  11:50  SCV  
  109  11:51  SCV  
  111  11:59  Marine x2  
  111  12:00  Marine  
  114  12:02  SCV  
  114  12:03  SCV  
  114  12:06  Siege Tank  
  114  12:07  Siege Tank  
  114  12:08  Factory Tech Lab  
  122  12:11  Armory  
  122  12:13  Supply Depot  
  122  12:15  SCV  
  123  12:17  Marine x3  
  126  12:35  Marine  
  127  12:42  SCV  
  128  12:46  Siege Tank x4  
  128  12:50  Supply Depot  
  140  13:09  Marine x2  
  140  13:10  Marine  
  143  13:14  Terran Infantry Weapons Level 2  
  143  13:27  Marine x2  
  143  13:28  Marine  
  146  13:45  Marine x2  
  146  13:46  Marine  
  149  14:02  Marine  
  148  14:04  Marine  
  147  14:15  Thor x3  
  147  14:16  Thor  
  140  14:21  Marine, SCV  
  118  14:43  SCV  
  106  15:00  Barracks Reactor x2  
  54  15:36  Orbital Command  
  53  15:51  SCV  
  54  16:01  SCV  
  54  16:03  SCV  
Show
View Real Time Build Order
Export as new Build Order

StrongBad Terran 

Build Orders: Command Center First (CC) 

Get SALT Encoding   

  12  0:01  SCV  
  13  0:13  SCV  
  14  0:21  Supply Depot  
  14  0:25  SCV  
  15  0:43  SCV  
  16  0:55  SCV  
  17  1:07  SCV, Command Center  
  18  1:19  SCV  
  19  1:27  Barracks  
  19  1:31  SCV  
  20  1:40  Barracks  
  20  1:43  SCV  
  20  1:46  Refinery  
  21  1:51  Refinery  
  21  1:55  SCV  
  22  2:14  Marine  
  23  2:31  Marine  
  23  2:32  Marine  
  25  2:41  Barracks  
  24  2:46  Barracks  
  24  2:48  SCV  
  24  2:49  Marine  
  26  2:56  Engineering Bay  
  26  3:03  Marine  
  27  3:06  Marine  
  28  3:21  Marine  
  28  3:22  Planetary Fortress  
  28  3:24  Marine  
  29  3:35  Marine x2  
  29  3:38  Marine  
  31  3:43  Marine  
  32  3:49  Factory  
  32  3:52  Marine, Factory  
  32  3:55  SCV  
  34  4:00  SCV  
  35  4:07  SCV  
  35  4:51  Starport  
  35  4:53  Barracks Reactor, Barracks Tech Lab, Starport  
  35  4:55  Barracks Tech Lab  
  35  5:09  Orbital Command  
  35  5:10  Barracks Reactor  
  35  5:11  Factory Tech Lab x2  
  35  5:14  SCV  
  36  5:18  Marine x2  
  38  5:34  Refinery  
  38  5:35  Refinery  
  38  5:38  Combat Shield  
  38  5:42  Stimpack  
  38  5:46  Supply Depot x2  
  38  5:53  SCV x2  
  40  5:57  Medivac  
  42  6:05  SCV x2  
  44  6:17  SCV x2  
  46  6:27  Medivac x2  
  46  6:29  SCV x2  
  52  6:36  Siege Tank  
  55  6:48  Siege Tank  
  58  6:56  SCV x2  
  60  7:08  SCV  
  60  7:09  SCV  
  62  7:23  Supply Depot x2  
  62  7:44  Marine x4, SCV, Liberator  
  62  7:45  Marine x2, SCV, Liberator  
  62  7:48  Supply Depot x2  
  76  7:56  SCV  
  76  7:57  SCV  
  78  8:09  Marine x5, SCV x2  
  78  8:10  Marine  
  86  8:19  Command Center  
  86  8:30  SCV x2  
  86  8:31  Marine x4  
  86  8:32  Marine  
  93  8:38  Supply Depot  
  93  8:42  Supply Depot, SCV  
  94  8:59  Marine x2  
  94  9:00  Marauder x2  
  72  9:49  Marine x2  
  72  9:50  Marine x2, Marauder x2  
  80  9:53  SCV  
  80  9:54  SCV x2  
  83  10:00  Starport Reactor, Starport Tech Lab  
  83  10:05  SCV  
  83  10:06  SCV x2  
  86  10:07  Marine x2  
  86  10:11  Marauder x2  
  86  10:12  Engineering Bay  
  92  10:14  Starport Reactor  
  92  10:15  Armory  
  92  10:17  SCV  
  92  10:18  SCV x2  
  92  10:20  Siege Tank x2  
  101  10:30  SCV x3  
  101  10:33  Refinery x2  
  104  10:42  SCV x3  
  107  10:52  Siege Tank  
  107  10:53  Marine x2, Siege Tank  
  107  10:54  Marine x2, SCV x3, Marauder x2  
  124  10:59  Terran Infantry Armor Level 1, Terran Infantry Weapons Level 1  
  124  11:07  Command Center  
  124  11:11  Marine  
  125  11:39  Marine x2  
  128  11:40  Marine x2, Marauder x2  
  133  11:49  Supply Depot  
  133  11:50  Supply Depot  
  133  11:54  Orbital Command  
  133  12:07  Thor, SCV x2  
  141  12:11  Marine x4, Marauder x2  
  141  12:13  Supply Depot  
  141  12:14  Supply Depot  
  155  12:20  SCV x2  
  157  12:26  Thor, Planetary Fortress  
  157  12:29  Marine x2, SCV  
  160  12:32  SCV x2  
  160  12:33  Marauder  
  160  12:34  Marine x2  
  160  12:35  Supply Depot, Marauder  
  168  12:40  Supply Depot  
  168  12:41  SCV  
  169  12:46  Marine x2  
  169  12:50  Thor  
  177  13:02  Liberator x2  
  177  13:03  Medivac x2  
  177  13:04  Barracks  
  188  13:05  SCV  
  188  13:06  Marine x2, SCV  
  188  13:07  Marine x4  
  188  13:12  Barracks  
  195  13:24  Marine x2  
  195  13:25  Marine, Marauder  
  200  13:29  Terran Infantry Armor Level 2, Terran Infantry Weapons Level 2  
  200  13:32  Terran Ship Weapons Level 1  
  200  13:57  Barracks  
  199  14:04  Barracks  
  159  14:58  Marine  
  159  14:59  Marine x7  
  153  15:16  Marine  
  153  15:17  Marine x5  
  153  15:18  Marauder x2  
  162  15:26  Terran Vehicle Weapons Level 1  
  162  15:28  SCV  
  162  15:29  SCV x3  
  162  15:34  Marine  
  162  15:35  Marine x5  
  141  15:39  Marauder x2  
  141  15:40  SCV  
  141  15:41  SCV x3  
  94  15:52  Marine x3  
  94  15:53  Marine x2, SCV x4  
  94  15:54  Barracks Tech Lab x2  
  103  16:00  Marauder  
  103  16:01  Marauder  
  103  16:03  Thor  
  103  16:04  Thor  
  119  16:05  SCV x3  
  119  16:06  Barracks Tech Lab  
  119  16:10  Marine x5  
  116  16:14  Marine x2  
  116  16:17  SCV  
  119  16:20  Viking  
  119  16:21  Viking x2  
  119  16:22  Medivac, Marauder x2  
  131  16:27  Marine  
  131  16:28  Marine x4  
  131  16:32  Marine x2  
  138  16:43  Marine x3  
  138  16:45  Marine  
  138  16:46  Marine x2  
  138  16:50  Marine  
  118  17:00  Marine  
  98  17:01  Marine  
  98  17:03  Marine  
  98  17:04  Marine  
  78  17:19  Marauder x2  
  78  17:21  Refinery, Marine  
  78  17:22  Marine  
  62  17:25  Barracks x2  
  53  17:30  Barracks x3  
  53  17:31  Barracks  
  53  17:33  Barracks  
  53  17:34  Barracks  
  53  17:38  Barracks  
  53  17:40  Marine, Barracks  
  55  17:57  SCV  
  55  17:58  SCV x2  
  56  18:10  SCV x2  
Show
View Real Time Build Order
Export as new Build Order

Throwfordays Protoss - Winner!

Build Orders: Nexus First 

Get SALT Encoding   

  12  0:00  Probe  
  13  0:13  Probe  
  14  0:23  Probe  
  14  0:27  Pylon  
  15  0:41  Probe  
  16  0:58  Nexus  
  16  1:01  Probe  
  17  1:10  Pylon  
  17  1:20  Forge  
  17  1:27  Probe  
  18  1:58  Gateway  
  18  2:00  Gateway  
  18  2:02  Gateway  
  18  2:07  Probe  
  19  2:10  Probe  
  20  2:19  Probe  
  21  2:32  Probe  
  21  2:33  Probe  
  23  2:43  Assimilator  
  23  2:44  Probe  
  24  2:45  Probe  
  24  2:51  Photon Cannon  
  25  2:56  Probe  
  25  2:57  Probe  
  27  2:59  Photon Cannon  
  27  3:08  Probe  
  27  3:09  Photon Cannon, Probe  
  29  3:15  Photon Cannon  
  29  3:20  Probe  
  29  3:21  Probe  
  29  3:23  Pylon  
  31  3:32  Probe  
  31  3:33  Probe  
  33  3:35  Pylon  
  33  3:40  Pylon  
  33  3:44  Probe  
  33  3:45  Probe  
  33  3:46  Cybernetics Core  
  35  3:51  Assimilator  
  35  3:55  Photon Cannon  
  35  3:58  Probe  
  35  4:00  Photon Cannon  
  36  4:04  Assimilator  
  36  4:10  Photon Cannon, Probe  
  36  4:17  Photon Cannon  
  37  4:20  Pylon  
  37  4:25  Probe  
  37  4:28  Probe  
  39  4:33  Assimilator  
  39  4:37  Probe  
  40  4:40  Shield Battery, Probe  
  40  4:41  Protoss Shields Level 1  
  40  4:42  Shield Battery  
  40  4:45  Shield Battery  
  41  4:47  Shield Battery  
  41  4:49  Probe  
  41  4:52  Probe  
  43  4:54  Shield Battery  
  43  5:07  Shield Battery  
  43  5:17  Photon Cannon  
  43  5:18  Warp Gate  
  43  5:20  Photon Cannon  
  43  5:24  Photon Cannon  
  43  5:26  Photon Cannon  
  43  5:39  Probe  
  43  5:42  Probe  
  45  5:51  Probe  
  45  5:54  Probe  
  47  5:57  Nexus  
  47  5:59  Pylon  
  47  6:02  Pylon  
  47  6:04  Pylon, Probe  
  48  6:25  Twilight Council  
  48  6:27  Pylon  
  48  6:29  Pylon  
  48  6:31  Pylon  
  48  6:33  Photon Cannon  
  48  6:34  Pylon  
  48  6:35  Photon Cannon  
  48  6:36  Pylon  
  48  6:39  Photon Cannon  
  48  6:42  Photon Cannon  
  48  6:43  Protoss Shields Level 2  
  48  6:45  Assimilator  
  48  6:50  Assimilator  
  48  7:00  Forge  
  48  7:07  Charge  
  48  7:13  Probe  
  48  7:15  Nexus  
  49  7:19  Pylon  
  49  7:22  Probe  
  50  7:30  Probe  
  50  7:34  Pylon  
  51  7:39  Zealot x2, Probe  
  51  7:40  Zealot  
  58  7:51  Probe  
  58  7:55  Stargate  
  59  7:58  Stargate  
  59  7:59  Stargate  
  59  8:03  Protoss Ground Armor Level 1, Probe  
  59  8:04  Stargate  
  60  8:05  Stargate  
  60  8:09  Cybernetics Core  
  60  8:21  Probe  
  60  8:24  Protoss Air Weapons Level 1, Probe  
  60  8:33  Probe  
  57  8:35  Pylon  
  57  8:36  Probe  
  58  8:45  Probe  
  59  8:48  Probe  
  59  8:54  Gateway  
  60  8:55  Gateway  
  60  8:57  Probe  
  60  9:04  Void Ray x3  
  60  9:05  Void Ray  
  60  9:06  Void Ray  
  60  9:09  Zealot, Probe  
  81  9:30  Protoss Air Armor Level 1  
  81  9:45  Photon Cannon  
  81  9:46  Photon Cannon  
  81  10:04  Probe  
  81  10:06  Protoss Shields Level 3  
  82  10:07  Protoss Ground Armor Level 2  
  82  10:08  Nexus  
  82  10:09  Probe  
  82  10:13  Pylon  
  83  10:17  Photon Cannon, Probe  
  83  10:20  Photon Cannon  
  84  10:22  Photon Cannon, Probe  
  84  10:26  Assimilator  
  85  10:29  Probe  
  85  10:30  Assimilator  
  85  10:32  Void Ray  
  85  10:33  Void Ray  
  85  10:34  Fleet Beacon, Probe  
  95  10:37  Void Ray  
  99  10:53  Probe  
  99  10:55  Probe  
  101  11:05  Probe  
  101  11:07  Probe  
  101  11:11  Probe  
  104  11:17  Zealot x2, Probe  
  109  11:20  Probe  
  109  11:23  Void Ray x3, Probe  
  123  11:27  Void Ray  
  123  11:29  Probe  
  123  11:32  Void Ray, Probe  
  129  11:35  Probe  
  134  11:41  Probe  
  134  11:42  Zealot x2  
  134  11:44  Probe  
  134  12:25  Protoss Air Weapons Level 2  
  134  12:26  Protoss Air Armor Level 2  
  134  12:28  Nexus  
  134  12:46  Blink  
  134  12:48  Void Ray  
  134  12:49  Void Ray x4  
  154  13:03  Probe  
  155  13:15  Protoss Ground Weapons Level 1, Protoss Ground Armor Level 3  
  155  13:31  Void Ray  
  155  13:32  Void Ray x3  
  171  13:36  Pylon  
  171  13:37  Pylon  
  171  13:39  Pylon, Void Ray  
  171  13:41  Pylon  
  175  13:44  Photon Cannon  
  175  13:45  Pylon  
  175  13:48  Photon Cannon  
  175  13:51  Photon Cannon  
  175  13:53  Photon Cannon  
  171  14:47  Resonating Glaives  
  171  14:54  Protoss Air Weapons Level 3  
  171  14:55  Protoss Air Armor Level 3  
  163  15:51  Void Ray x2  
  163  15:52  Void Ray x3  
  183  16:34  Void Ray x3  
  183  16:35  Void Ray  
Show
View Real Time Build Order
Export as new Build Order

Faust Zerg - Winner!

Build Orders: Hatch First 

Get SALT Encoding   

  12  0:02  Drone  
  13  0:13  Drone  
  14  0:16  Extractor  
  14  0:20  Drone  
  14  0:23  Overlord  
  15  0:42  Drone x2  
  17  0:57  Hatchery  
  17  1:00  Drone  
  17  1:03  Extractor  
  16  1:05  Drone  
  17  1:20  Spawning Pool  
  17  1:25  Drone  
  17  1:27  Drone  
  17  1:30  Drone  
  19  1:41  Overlord  
  19  2:09  Metabolic Boost  
  19  2:10  Queen x2  
  19  2:11  Zergling x2  
  24  2:18  Zergling x2  
  24  2:21  Zergling x2  
  24  2:22  Zergling x2  
  27  2:25  Zergling x2  
  28  2:35  Baneling Nest  
  28  2:36  Drone  
  28  2:45  Drone  
  28  2:46  Drone  
  28  2:50  Overlord  
  30  3:06  Overlord  
  30  3:14  Zergling x2  
  30  3:15  Zergling x8  
  35  3:30  Zergling x8  
  38  3:40  Zergling x6  
  38  3:41  Zergling x2  
  38  3:48  Drone  
  39  3:51  Baneling x4  
  39  3:52  Baneling  
  39  3:53  Drone  
  40  3:59  Overlord  
  39  4:20  Drone x4  
  39  4:21  Drone x3  
  37  4:35  Zergling x8  
  38  4:41  Lair  
  38  4:44  Drone x2  
  40  4:46  Drone  
  40  4:47  Drone  
  42  4:54  Zergling x4  
  44  5:02  Zergling x2  
  45  5:08  Hatchery  
  44  5:15  Extractor, Drone x3  
  44  5:18  Zergling x6  
  49  5:27  Spore Crawler  
  47  5:30  Spore Crawler  
  47  5:31  Drone x2  
  47  5:32  Drone  
  47  5:33  Spore Crawler  
  48  5:39  Drone x3  
  51  5:46  Hydralisk Den  
  50  6:03  Drone  
  50  6:04  Drone x2  
  50  6:06  Overlord  
  52  6:15  Overlord  
  52  6:21  Evolution Chamber  
  52  6:23  Spore Crawler  
  52  6:24  Evolution Chamber  
  52  6:25  Drone x3, Infestation Pit  
  52  6:27  Drone x3  
  52  6:28  Drone x2  
  52  6:29  Drone x2  
  58  6:38  Drone x2  
  60  6:40  Drone x4  
  64  6:51  Drone x5  
  69  6:55  Overseer  
  69  7:02  Zerg Melee Weapons Level 1  
  69  7:03  Zerg Ground Armor Level 1  
  69  7:05  Hive  
  69  7:09  Extractor  
  69  7:10  Extractor  
  67  7:31  Zergling x2  
  67  7:32  Zergling x12  
  67  7:34  Overlord x5  
  74  8:12  Drone x3  
  77  8:14  Extractor, Drone x3  
  77  8:15  Drone x3  
  77  8:16  Extractor  
  75  8:20  Baneling x7  
  75  8:21  Baneling x3, Hydralisk x7  
  89  8:48  Hydralisk  
  89  8:49  Hydralisk x8  
  101  9:08  Zergling x10  
  99  9:25  Zerg Melee Weapons Level 2, Zerg Ground Armor Level 2  
  87  9:47  Drone  
  87  9:48  Drone x6  
  87  9:49  Drone x2  
  96  9:59  Spire  
  95  10:00  Ultralisk Cavern  
  95  10:05  Drone x2  
  96  10:10  Hatchery  
  96  10:11  Drone x6  
  101  10:24  Pneumatized Carapace  
  101  10:29  Drone  
  101  10:30  Drone x2, Overlord x2  
  104  10:54  Ultralisk Cavern  
  103  10:58  Hatchery  
  103  11:00  Chitinous Plating  
  103  11:15  Drone  
  104  11:19  Drone  
  104  11:20  Drone x10  
  112  11:55  Extractor x2  
  87  12:15  Ultralisk x2  
  99  12:16  Ultralisk x4  
  99  12:17  Zergling x10  
  99  12:19  Anabolic Synthesis  
  128  12:28  Overlord  
  128  12:29  Overlord x5  
  128  12:32  Overlord x2  
  128  12:33  Overlord x2  
  128  12:36  Zerg Melee Weapons Level 3  
  128  12:42  Zerg Ground Armor Level 3  
  128  12:46  Queen  
  128  12:47  Zergling x20  
  140  13:00  Hydralisk  
  140  13:01  Hydralisk x5  
  152  13:25  Zergling x16  
  152  13:26  Zergling x8  
  164  13:31  Queen  
  164  13:33  Queen  
  168  13:36  Drone  
  168  13:37  Drone x4  
  128  14:10  Zergling x28  
  128  14:11  Zergling x2  
  128  14:16  Zergling x2  
  112  14:52  Ultralisk x5  
  145  14:53  Ultralisk x4  
  145  14:55  Ultralisk  
  145  14:56  Zergling x4  
  164  15:18  Drone  
  165  15:29  Baneling x2  
  165  15:30  Baneling x9  
  165  15:31  Baneling x3  
  158  15:43  Zergling x4  
  158  15:44  Zergling x34  
  177  16:02  Hatchery, Drone  
  177  16:03  Extractor, Drone x6  
  182  16:04  Extractor  
  182  16:06  Greater Spire  
  182  16:08  Zerg Missile Weapons Level 1  
  182  16:10  Muscular Augments  
  181  16:17  Drone x3  
  181  16:18  Drone  
  111  17:18  Drone  
  106  17:23  Ultralisk  
  106  17:24  Ultralisk x10  
  106  17:26  Zergling x28  
  106  17:27  Zergling x2  
  187  17:53  Hydralisk  
  187  17:54  Hydralisk x5  
Show
View Real Time Build Order
Export as new Build Order

Cthulhu Terran - Winner!

Build Orders:  

Get SALT Encoding   

  12  0:01  SCV  
  13  0:13  SCV  
  14  0:19  Supply Depot  
  14  0:26  SCV  
  15  0:40  SCV  
  16  0:43  Barracks  
  16  0:48  Refinery  
  16  0:53  SCV  
  17  1:05  SCV  
  17  1:10  Supply Depot  
  18  1:17  SCV  
  19  1:29  Marine  
  20  1:39  Command Center  
  20  1:49  Orbital Command  
  20  1:55  Marine  
  21  2:06  Ghost Academy  
  21  2:22  SCV  
  22  2:32  Refinery  
  22  2:34  SCV  
  22  2:35  Barracks Tech Lab  
  23  2:40  Supply Depot  
  23  2:50  SCV  
  24  2:55  Refinery, Orbital Command  
  24  2:56  Ghost  
  26  3:05  Barracks  
  26  3:12  SCV  
  27  3:23  SCV  
  27  3:24  SCV  
  27  3:25  Factory  
  27  3:35  SCV  
  27  3:38  SCV  
  27  3:40  Ghost  
  31  3:48  SCV  
  32  3:53  SCV, Engineering Bay  
  32  3:55  Barracks Reactor  
  33  4:00  Barracks  
  33  4:01  SCV  
  34  4:12  Marine  
  35  4:17  Personal Cloaking  
  35  4:19  SCV x2  
  37  4:28  Widow Mine  
  39  4:34  Refinery  
  39  4:37  Marine x2, SCV x2  
  43  4:50  Barracks Reactor  
  43  5:06  Stimpack  
  43  5:08  Marine x2, SCV x2  
  43  5:10  Widow Mine  
  43  5:11  Marine  
  39  5:47  SCV x2  
  39  5:48  Marine x4  
  39  5:49  Ghost  
  45  5:53  Factory Reactor  
  45  5:56  Starport  
  47  6:20  Marine x3, SCV x2  
  47  6:21  Marine  
  53  6:32  Barracks  
  53  6:33  Terran Infantry Weapons Level 1  
  53  6:34  Supply Depot  
  53  6:36  Supply Depot  
  53  6:43  Marine x3  
  53  6:46  Combat Shield  
  54  6:55  Marine  
  54  6:56  Marine, SCV x2  
  58  7:10  Marine x2, SCV x2  
  58  7:11  Marine  
  58  7:12  Medivac  
  58  7:13  Marine, Viking  
  68  7:31  Command Center  
  68  7:49  SCV x2  
  68  7:50  Marine x5  
  75  8:07  Marine, SCV x2, Sensor Tower  
  75  8:08  Missile Turret  
  75  8:09  Missile Turret  
  78  8:14  Barracks Tech Lab, Missile Turret  
  78  8:16  Missile Turret  
  78  8:18  Marine x4  
  78  8:19  SCV x2  
  84  8:21  Supply Depot  
  84  8:23  Supply Depot  
  41  9:44  Refinery  
  41  9:46  Starport  
  41  9:48  Refinery, Orbital Command  
  41  9:49  Marine x6  
  41  9:52  Viking, Medivac  
  51  9:58  SCV  
  51  9:59  SCV  
  53  10:07  Marine x2  
  53  10:10  SCV  
  56  10:36  Terran Infantry Armor Level 1, Engineering Bay  
  56  10:40  SCV  
  56  10:41  Armory  
  56  10:42  SCV x2  
  59  10:43  Marine x4  
  59  10:44  Ghost x2  
  59  10:47  Nuke  
  67  10:52  SCV  
  67  10:54  Viking x2  
  72  10:57  Medivac  
  74  11:16  Marine  
  74  11:17  Marine x2  
  74  11:18  Ghost x2  
  77  11:25  Medivac  
  83  11:35  SCV x3  
  86  11:53  Medivac x2  
  90  12:30  Marauder  
  90  12:31  Marine  
  90  12:36  Marine  
  96  12:37  Terran Infantry Armor Level 2, Marauder  
  96  12:41  Supply Depot  
  96  12:51  Marauder  
  98  13:00  Viking x2  
  102  13:12  SCV x3  
  105  13:19  Starport Reactor  
  105  13:24  Marine x3, SCV x3  
  111  13:36  SCV  
  97  14:00  Sensor Tower  
  45  15:24  SCV  
  45  15:26  Marine  
  45  15:27  Marine  
  45  15:28  Orbital Command  
  41  15:36  SCV  
  40  15:50  Factory  
  40  15:54  Supply Depot  
  40  16:03  Refinery  
  40  16:06  Refinery  
  40  16:09  Factory  
  40  16:13  Ghost Academy  
  40  17:34  Nuke  
  36  18:15  Ghost Academy  
Tags
 
Add a new tag
Caveats
  • Supply blocks, unpowered buildings, or Contaminate may cause inaccurate times.
  • Supply counts are checked every 10 seconds.